 Dungeon Crawl Stone Soup version 0.19-a0-2013-g488b080 (webtiles) character file.

21020 Faca the Fighter (level 12, -8/113 HPs)
             Began as a Minotaur Berserker on Jan 10, 2017.
             Was a High Priest of Trog.
             Mangled by a death knight
             ... wielding a +1 battleaxe
              (11 damage)
             ... on level 11 of the Dungeon.
             The game lasted 00:35:57 (11331 turns).

Faca the Fighter (Minotaur Berserker)              Turns: 11331, Time: 00:35:58

Health: -8/113     AC: 23    Str: 25    XL:     12   Next: 50%
Magic:  11/11      EV: 13    Int:  4    God:    Trog [*****.]
Gold:   794        SH:  0    Dex: 12    Spells: 11/11 levels left

rFire  . . .     SeeInvis .     n - +1 hand axe (flame)
rCold  . . .     Faith    .     z - +0 plate armour
rNeg   . . .     Spirit   .     (no shield)
rPois  +         Reflect  .     (helmet restricted)
rElec  .                        (no cloak)
rCorr  .                        x - +0 pair of gloves
MR     .....                    k - +0 pair of boots
Stlth  ..........               (no amulet)
                                u - ring of poison resistance
                                m - +3 ring of protection

@: no status effects
A: retaliatory headbutt, horns 2, iridescent scales 1
a: Berserk, Trog's Hand, Brothers in Arms, Burn Spellbooks, Renounce Religion


You were on level 11 of the Dungeon.
You worshipped Trog.
Trog was extremely pleased with you.
You were not hungry.

You visited 1 branch of the dungeon, and saw 11 of its levels.

You collected 794 gold pieces.

Inventory:

Hand Weapons
 b - a +0 shortbow
 n - a +1 hand axe of flaming (weapon)
Missiles
 j - 1060 arrows
Armour
 k - a +0 pair of boots (worn)
 x - a +0 pair of gloves (worn)
 z - a +0 plate armour (worn)
Jewellery
 m - a +3 ring of protection (left hand)
 u - a ring of poison resistance (right hand)
Wands
 p - a wand of acid (9/15)
 r - a wand of iceblast (5/15)
 s - a wand of iceblast (7/15)
 A - a wand of scattershot (6/9)
Scrolls
 c - a scroll of fog
 g - 4 scrolls of enchant weapon
 h - 5 scrolls of enchant armour
 o - a scroll of blinking
 q - a scroll of recharging
 y - 3 scrolls of brand weapon
Potions
 a - 2 potions of resistance
 d - 5 potions of curing
 e - a potion of magic
 f - a potion of berserk rage
 i - 2 potions of ambrosia
 l - 3 potions of brilliance
 v - a potion of agility
 w - a potion of flight


   Skills:
 + Level 12.6 Fighting
 + Level 12.5 Axes
 + Level 3.9 Bows
 + Level 12.3 Armour
 + Level 11.6 Dodging


You had 11 spell levels left.
You didn't know any spells.

Dungeon Overview and Level Annotations

Branches:
Dungeon (11/15)            Temple (0/1) D:4             Orc (0/2) D:10
   Lair: D:-1         Crypt: Vaults:-1     Tomb: Vaults:-1

Altars:
Dithmenos
Elyvilon
Gozag
Nemelex Xobeh
Okawaru
Qazlal
Vehumet

Shops:
D:10 (


Innate Abilities, Weirdness & Mutations

You reflexively headbutt those who attack you in melee.
You have a pair of horns on your head.
You are partially covered in iridescent scales. (AC +2)


Message History

You hit the manticore but do no damage. The manticore bites you (15)!
* * * LOW HITPOINT WARNING * * *
The manticore claws you but does no damage. x2
The death knight hits you with a +1 battleaxe (6).
* * * LOW HITPOINT WARNING * * *
You hit the death knight (3). You burn the death knight (2).
Your headbutt misses the death knight.
The death knight is severely wounded.
You hit the manticore (1). You burn the manticore (1).
The death knight reflects your damage back at you!
* * * LOW HITPOINT WARNING * * *
The manticore bites you but does no damage.
The manticore misses you.
The manticore claws you but does no damage.
You hit the death knight but do no damage.
Your headbutt misses the death knight.
The death knight is severely wounded.
You hit the manticore (3). You burn the manticore (2).
The death knight hits you with a +1 battleaxe (11)!
You die...

#####................#
... ##.)......)....#
... #.............#
... ##........>.......
.. #........##......#.
.. #..................
...
#..................
...
#..................
...
####...#@...#......
... #...#pH........
#.. ....>..........
#.. ................
#.. ...p............
#.. . .............
#.. ............. ...
..(........... #


You could see a death knight and a manticore.

Vanquished Creatures
  An ogre mage (D:11)
  Erolcha (D:9)
  A hydra (D:11)
  A two-headed ogre (D:11)
  6 death yaks (D:9)
  An orc sorcerer (D:9)
  A manticore (D:11)
  A centaur zombie (D:11)
  2 spiny frogs (D:11)
  A troll (D:11)
  5 polar bears (D:10)
  Prince Ribbit (D:6)
  10 blink frogs
  A centaur simulacrum (D:10)
  A spriggan (D:9)
  Sigmund (D:6)
  5 yaks (D:9)
  2 wyverns (D:10)
  Eustachio (D:6)
  A black mamba skeleton (D:10)
  An angry ghost (D:7)
  Edmund (D:6)
  2 water moccasins
  3 orc warriors
  A black bear (D:9)
  4 spiny frog skeletons
  6 ice beasts
  2 wasps
  6 centaurs
  A wolf (D:10)
  6 ogres
  A blink frog skeleton (D:9)
  A spiny frog simulacrum (D:10)
  2 wyvern skeletons (D:10)
  A scorpion (D:7)
  2 blink frog simulacra (D:10)
  2 water moccasin skeletons
  40 killer bees
  9 wights
  3 electric eels (D:10)
  A howler monkey (D:4)
  A rime drake simulacrum (D:10)
  A crimson imp (D:5)
  2 hounds
  A quasit (D:5)
  A wyvern simulacrum (D:10)
  3 jellies
  5 orc priests
  5 orc wizards
  4 centaur skeletons
  A gnoll shaman (D:8)
  3 iguanas
  5 worker ants
  A hound zombie (D:5)
  A hound skeleton (D:4)
  7 gnolls
  9 adders
  4 shadow imps
  2 white imps (D:10)
  2 ufetubi (D:10)
  4 oozes
  3 dart slugs
  10 leopard geckos
  32 orcs
  3 bats
  2 giant cockroaches
  8 hobgoblins
  11 jackals
  4 quokkas
  2 ball pythons
  3 frilled lizards
  3 goblins
  4 kobolds
  5 rats
291 creatures vanquished.

Vanquished Creatures (collateral kills)
  Snorg (D:10)
  An orc warrior (D:10)
2 creatures vanquished.

Vanquished Creatures (others)
  A fungus (D:10)
1 creature vanquished.

Grand Total: 294 creatures vanquished

Notes
Turn   | Place    | Note
-------+----------+-------------------------------------------
     0 | D:1      | Faca the Minotaur Berserker began the quest for the Orb.
     0 | D:1      | Reached XP level 1. HP: 19/19 MP: 0/0
   335 | D:1      | Reached XP level 2. HP: 25/27 MP: 1/1
   680 | D:2      | Reached XP level 3. HP: 28/33 MP: 2/2
   979 | D:2      | Reached XP level 4. HP: 40/40 MP: 3/3
  1831 | D:3      | Found an iron altar of Okawaru.
  1854 | D:3      | Reached ** piety under Trog
  1921 | D:3      | Gained mutation: You occasionally shout uncontrollably at your foes. [potion of mutation]
  1921 | D:3      | Gained mutation: You are frail. (-10% HP) [potion of mutation]
  1921 | D:3      | Gained mutation: You are weak. (Str -2) [potion of mutation]
  1922 | D:3      | Lost mutation: You occasionally shout uncontrollably at your foes. [potion of cure mutation]
  1922 | D:3      | Lost mutation: You are frail. (-10% HP) [potion of cure mutation]
  1922 | D:3      | Lost mutation: You are weak. (Str -2) [potion of cure mutation]
  1959 | D:3      | Gained mutation: You are partially covered in iridescent scales. (AC +2) [potion of beneficial mutation]
  2257 | D:3      | Reached XP level 5. HP: 39/47 MP: 4/4
  2949 | D:4      | Found a staircase to the Ecumenical Temple.
  2971 | D:4      | Reached skill level 5 in Axes
  2991 | D:4      | Reached skill level 5 in Fighting
  3071 | D:4      | Reached XP level 6. HP: 56/56 MP: 5/5
  3478 | D:5      | Entered Level 5 of the Dungeon
  3553 | D:5      | Reached skill level 5 in Armour
  3553 | D:5      | Reached XP level 7. HP: 62/62 MP: 6/6
  4092 | D:5      | Reached skill level 5 in Dodging
  4368 | D:6      | Noticed Prince Ribbit
  4377 | D:6      | Killed Prince Ribbit
  4377 | D:6      | Reached *** piety under Trog
  4377 | D:6      | Reached XP level 8. HP: 52/71 MP: 7/7
  4502 | D:6      | Noticed Sigmund
  4509 | D:6      | Killed Sigmund
  4624 | D:6      | Noticed Edmund
  4637 | D:6      | Killed Edmund
  4804 | D:6      | Found a sparkling altar of Nemelex Xobeh.
  5087 | D:6      | Noticed Eustachio
  5107 | D:6      | Killed Eustachio
  5252 | D:7      | Found a shadowy altar of Dithmenos.
  5835 | D:7      | Reached XP level 9. HP: 78/81 MP: 8/8
  6136 | D:8      | Found an opulent altar of Gozag.
  6580 | D:8      | Found a radiant altar of Vehumet.
  7091 | D:9      | Noticed Erolcha
  7113 | D:9      | Paralysed by Erolcha for 3 turns
  7123 | D:9      | HP: 3/83 [Erolcha/+0 giant club (22)]
  7125 | D:9      | Killed Erolcha
  7125 | D:9      | Reached **** piety under Trog
  7125 | D:9      | Reached XP level 10. HP: 4/91 MP: 9/9
  7161 | D:9      | Noticed a death yak
  7161 | D:9      | Noticed a death yak
  7161 | D:9      | Noticed a death yak
  7161 | D:9      | Noticed a death yak
  7161 | D:9      | Noticed a death yak
  7161 | D:9      | Noticed a death yak
  7823 | D:9      | Noticed an orc sorcerer
  7841 | D:9      | Killed an orc sorcerer
  7841 | D:9      | Reached skill level 10 in Fighting
  7841 | D:9      | Reached skill level 10 in Axes
  7908 | D:9      | Killed a death yak
  8204 | D:9      | Killed a death yak
  8204 | D:9      | Reached skill level 10 in Armour
  8207 | D:9      | Killed a death yak
  8215 | D:9      | Killed a death yak
  8215 | D:9      | Reached XP level 11. HP: 97/101 MP: 10/10
  8236 | D:9      | Killed a death yak
  8236 | D:9      | Reached skill level 10 in Dodging
  8244 | D:9      | Killed a death yak
  8376 | D:9      | Found a white marble altar of Elyvilon.
  8537 | D:9      | Found a stormy altar of Qazlal.
  8679 | D:10     | Entered Level 10 of the Dungeon
  9108 | D:10     | Found a staircase to the Orcish Mines.
  9878 | D:10     | Noticed Snorg
  9893 | D:10     | Killed Snorg
  9893 | D:10     | Received a gift from Trog
  9893 | D:10     | Reached skill level 1 in Bows
 10201 | D:10     | Found Sezamp's Weapon Shoppe.
 10613 | D:10     | Reached XP level 12. HP: 111/112 MP: 11/11
 10697 | D:11     | Noticed an ogre mage
 10710 | D:11     | Reached ***** piety under Trog
 10745 | D:11     | Killed an ogre mage
 10939 | D:11     | Noticed a two-headed ogre
 10957 | D:11     | Killed a two-headed ogre
 10992 | D:11     | Noticed a six-headed hydra
 11017 | D:11     | Noticed a rakshasa
 11022 | D:11     | Killed a six-headed hydra
 11317 | D:11     | Noticed a death knight
 11330 | D:11     | HP: 3/113 [mirror damage (3)]
 11331 | D:11     | Mangled by a death knight

Vault maps used:
D:1:      minmay_arrival_three_doors
D:3:      kennysheep_okawaru_gauntlet, first_bread
D:4:      wad_crossroads, fountainhead
D:5:      wad_floor_pattern_1
D:6:      nemelex_diamond_rough_becter, uniq_sigmund, uniq_prince_ribbit1,
          uniq_eustachio, uniq_edmund
D:7:      lemuel_round_altar
D:8:      kennysheep_mini_moat, basic_altar
D:9:      kennysheep_mini, elyvilon_altar_1, grunt_pizzeria, uniq_erolcha
D:10:     orc_0_dummy, serial_shops, nicolae_shop_window_shopping, serial_ice,
          serial_ice_e, serial_ice_k, serial_ice_b, serial_ice_g, serial_ice_a,
          serial_ice_c, serial_ice_n, serial_ice_d, serial_ice_f, serial_ice_h,
          serial_park_tiny_1, uniq_snorg
D:11:     hangedman_what_comes_after_a, basic_altar, dk_noncrumbling_3,
          minivault_24, minivault_15, uniq_erica

Skill      XL: |  1  2  3  4  5  6  7  8  9 10 11 12 |
---------------+-------------------------------------+-----
Axes           | 4 5 6 8 9 10 12 | 12.5
Armour         | 3 4 5 6 7 8 10 11 12 | 12.3
Fighting       | 4 5 6 7 9 10 11 12 | 12.6
Dodging        | 3 4 5 6 8 9 11 | 11.6
Bows           | 1 3 |  3.9

Action                   |  1- 3 |  4- 6 |  7- 9 | 10-12 || total
-------------------------+-------+-------+-------+-------++-------
Melee: Hand axe          |    64 |   144 |   232 |   509 ||   949
       Headbutt          |     5 |    24 |    60 |   132 ||   221
Invok: Burn Spellbooks   |       |       |     1 |       ||     1
       Brothers in Arms  |       |       |       |     1 ||     1
  Use: Potion            |       |     3 |     1 |     2 ||     6
       Scroll            |       |       |       |     3 ||     3
Armor: Scale mail        |    24 |    78 |    47 |       ||   149
       Skin              |       |       |    66 |       ||    66
       Plate armour      |       |       |    22 |   352 ||   374
Dodge: Dodged            |    45 |    87 |   114 |   334 ||   580
